 Dungeon Crawl Stone Soup version 0.21.1-1-g345015f (webtiles) character file.

76 kaesh the Covered (level 4, -12/40 HPs)
             Began as a Minotaur Fighter on Mar 5, 2018.
             Mangled by an ogre
             ... wielding a +0 giant club
              (25 damage)
             ... on level 3 of the Dungeon.
             The game lasted 00:03:18 (1751 turns).

kaesh the Covered (Minotaur Fighter)                Turns: 1751, Time: 00:03:19

Health: -12/40     AC:  6    Str: 21    XL:     4   Next: 12%
Magic:  3/3        EV:  7    Int:  5    God:
Gold:   91         SH:  9    Dex: 10    Spells: 3/3 levels left

rFire    . . .     SeeInvis .   a - +0 flail
rCold    . . .     Gourm    .   c - +0 shield
rNeg     . . .     Faith    .   b - +0 scale mail
rPois    .         Spirit   .   (helmet restricted)
rElec    .         Reflect  .   (no cloak)
rCorr    .         Harm     .   (no gloves)
MR       .....                  (no boots)
Stlth    ..........             (no amulet)
HPRegen  0.13/turn              i - ring of wizardry
MPRegen  0.08/turn              (no ring)

@: drained
A: retaliatory headbutt, horns 2
a: no special abilities


You were on level 3 of the Dungeon.
You were not hungry.

You visited 1 branch of the dungeon, and saw 3 of its levels.

You collected 91 gold pieces.

Inventory:

Hand Weapons
 a - a +0 flail (weapon)
Armour
 b - a +0 scale mail (worn)
 c - a +0 shield (worn)
Jewellery
 g - a cursed ring of teleportation {unknown}
 i - a ring of wizardry (left hand)
Scrolls
 e - 2 scrolls of magic mapping {unknown}
 h - 2 scrolls of identify {unknown}
 m - a scroll of enchant weapon {unknown}
 n - a scroll of enchant armour {unknown}
Potions
 d - 2 potions of might
 j - 3 potions of agility {unknown}
 l - a potion of curing {unknown}
 o - a potion of cancellation {unknown}
Comestibles
 f - 9 rations
 k - 6 chunks of flesh


   Skills:
 + Level 4.1(3.0) Fighting
 + Level 3.2(2.1) Maces & Flails
 + Level 4.6(3.4) Armour
 + Level 1.1(0.1) Dodging
 + Level 4.1(2.9) Shields


You had 3 spell levels left.
You didn't know any spells.

Dungeon Overview and Level Annotations

Branches:
Dungeon (3/15)

Altars:
Fedhas


Innate Abilities, Weirdness & Mutations

You reflexively headbutt those who attack you in melee.
You have a pair of horns on your head.


Message History

The ogre barely misses you.
You barely miss the ogre. Your headbutt misses the ogre.
The ogre is heavily wounded.
The ogre closely misses you.
A hobgoblin comes into view. It is wielding a club.
The hobgoblin shouts!
You hit the ogre but do no damage.
The ogre is heavily wounded.
The ogre hits you with a giant club!!
Ouch! That really hurt!
* * * LOW HITPOINT WARNING * * *
Your shield prevents you from hitting the ogre.
The ogre is heavily wounded.
The ogre barely misses you. You furiously retaliate!
You headbutt the ogre, but do no damage.
You sock the ogre!
The ogre is severely wounded.
The ogre hits you with a giant club!!
Ouch! That really hurt!
You die...

# #.# ....# #
#.#### .....# #
#....# .....# #
####.# #%..# # #.#
#...# #
#.######...# #
#..........# #
#######..#######.#
# #...@Ogg...# #
#.#######..# # #.#
# #.# # ... # ...
#... ##.


You could see an ogre and 2 hobgoblins.

Vanquished Creatures
  3 adders
  An ooze (D:3)
  4 bats
  2 giant cockroaches
  6 goblins
  4 hobgoblins
  6 jackals
  2 frilled lizards
  8 kobolds
  5 rats
41 creatures vanquished.

Vanquished Creatures (others)
  2 fungi (D:3)
2 creatures vanquished.

Grand Total: 43 creatures vanquished

Notes
Turn   | Place    | Note
-------+----------+-------------------------------------------
     0 | D:1      | kaesh the Minotaur Fighter began the quest for the Orb.
     0 | D:1      | Reached XP level 1. HP: 19/19 MP: 0/0
   140 | D:1      | Reached XP level 2. HP: 27/27 MP: 1/1
   598 | D:2      | Reached XP level 3. HP: 19/33 MP: 2/2
   926 | D:2      | Reached skill level 1 in Dodging
  1579 | D:3      | Reached XP level 4. HP: 27/40 MP: 3/3
  1698 | D:3      | Found a blossoming altar of Fedhas.
  1742 | D:3      | Noticed an ogre
  1751 | D:3      | Mangled by an ogre

Skill      XL: |  1  2  3 |
---------------+----------+-----
Armour         | 4 |  4.6
Fighting       | 4 |  4.1
Maces & Flails | 3 |  3.2
Shields        | 4 |  4.1
Dodging        | 1 |  1.1

Action                   |  1- 3 |  4- 6 || total
-------------------------+-------+-------++-------
Melee: Flail             |   103 |    17 ||   120
       Headbutt          |    15 |     2 ||    17
  Use: Scroll            |     3 |       ||     3
  Eat: Chunk             |     2 |     1 ||     3
Armor: Scale mail        |    37 |     4 ||    41
Dodge: Dodged            |    39 |     6 ||    45
Block: Shield            |    65 |     7 ||    72
